 Dungeon Crawl Stone Soup version 0.32-a0-120-gfac0567ad4 (webtiles) character file.

Game seed: 9681998253142991500

7851 jasper the Fighter (level 11, -2/90 HPs)
             Began as a Barachi Ice Elementalist on Feb 6, 2024.
             Was a High Priest of Cheibriados.
             Slain by an orc warrior
             ... wielding a +0 dire flail
             ... led by an orc warlord
              (15 damage)
             ... on level 1 of the Orcish Mines.
             The game lasted 00:23:31 (11145 turns).

jasper the Fighter (Barachi Ice Elementalist)      Turns: 11145, Time: 00:23:31

Health: -2/90      AC: 17    Str: 21    XL:     11   Next: 21%
Magic:  4/14       EV: 17    Int: 30    God:    Cheibriados [*****.]
Gold:   989        SH:  6    Dex: 24    Spells: 7/14 levels left

rFire   . . .        u - +1 scimitar
rCold   + . .        t - +0 buckler
rNeg    . . .        g - +1 scale mail
rPois   +            h - +0 helmet
rElec   .            x - +0 cloak
rCorr   .            m - +0 pair of gloves
SInv    .            f - +2 pair of boots
Will    .....        s - amulet of the acrobat
Stlth   +            o - ring of poison resistance
HPRegen 0.35/turn    G - ring of protection from cold
MPRegen 0.14/turn

%: acrobat
@: freezing walls, very slow
A: amphibious, slowness 1, strong legs 1, +LOS
a: Hop, Renounce Religion, Bend Time, Temporal Distortion, Slouch, Step From
Time


You were on level 1 of the Orcish Mines.
You worshipped Cheibriados.
Cheibriados was extremely pleased with you.
You visited 3 branches of the dungeon, and saw 12 of its levels.
You also visited: Bailey.

You collected 1115 gold pieces.
You spent 126 gold pieces at shops.

Inventory:

Hand Weapons
 e - a +0 dagger of freezing
 i - a +0 great sword
 u - a +1 scimitar (weapon)
 A - a +0 halberd
Missiles
 c - 118 stones
 d - 31 poisoned darts
 B - 2 throwing nets
Armour
 a - a +0 robe
 f - a +2 pair of boots (worn)
 g - a +1 scale mail (worn)
 h - a +0 helmet (worn)
 k - a +0 leather armour
 m - a +0 pair of gloves (worn)
 t - a +0 buckler (worn)
 w - a +0 crystal plate armour
 x - a +0 cloak (worn)
 y - a +1 plate armour of poison resistance
 C - a +0 kite shield
Jewellery
 o - a ring of poison resistance (left hand)
 s - an amulet of the acrobat (around neck)
 z - an amulet of guardian spirit
 G - a ring of protection from cold (right hand)
Wands
 p - a wand of paralysis (7)
Scrolls
 v - a scroll of immolation
 H - a scroll of teleportation
Potions
 b - a potion of cancellation
 l - a potion of enlightenment
 n - 6 potions of curing
 q - 3 potions of brilliance
 r - a potion of degeneration
 D - a potion of attraction
 F - a potion of haste


   Skills:
 - Level 10.0 Fighting
 + Level 5.1 Long Blades
 - Level 10.0 Armour
 - Level 10.0 Dodging
 - Level 1.7 Stealth
 - Level 5.0 Shields
 - Level 2.1 Spellcasting
 - Level 4.0 Summonings
 - Level 7.0 Ice Magic


You had 7 spell levels left.
You knew the following spells:

 Your Spells              Type           Power      Damage    Failure   Level
a - Freeze                Ice            100%       1d10      1%          1
b - Frozen Ramparts       Ice            90%        1d14      3%          3
c - Summon Ice Beast      Ice/Summ       36%        N/A       7%          3

Your spell library contained the following spells:

 Spells                   Type           Power      Damage    Failure   Level
 Ozocubu's Armour         Ice            45%        N/A       3%          3
 Kiss of Death            Conj/Necr      12%        2d6       22%         1
 Shock                    Conj/Air       12%        1d3       22%         1
 Confusing Touch          Hex            3%         N/A       54%         3
 Inner Flame              Hex/Fire       3%         N/A       54%         3
 Swiftness                Air            3%         N/A       54%         3
 Tukima's Dance           Hex            3%         N/A       54%         3
 Metabolic Englaciation   Hex/Ice        12%        N/A       82%         5
 Airstrike                Air            1%         2d(1-17)  91%         4
 Dimensional Bullseye     Hex/Tloc       1%         N/A       91%         4
 Dispel Undead            Necr           3%         3d7       91%         4
 Flame Wave               Conj/Fire      3%         2d5       91%         4
 Iskenderun's Mystic Bla  Conj/Tloc      3%         2d3       91%         4
 Leda's Liquefaction      Alch/Erth      1%         N/A       91%         4
 Petrify                  Alch/Erth      3%         N/A       91%         4
 Sticky Flame             Fire/Alch      3%         2d4       91%         4
 Summon Forest            Summ/Tloc      7%         N/A       95%         5
 Summon Mana Viper        Hex/Summ       15%        N/A       95%         5
 Summon Cactus Giant      Summ           13%        N/A       99%         6


Dungeon Overview and Level Annotations

Branches:
Dungeon (10/15)            Temple (1/1) D:5             Orc (1/2) D:9
 Bailey (visited)
   Lair: D:8-11

Altars:
Ashenzari
Cheibriados
Dithmenos
Elyvilon
Fedhas
Gozag
Hepliaklqana
Kikubaaqudgha
Makhleb
Nemelex Xobeh
Okawaru
Qazlal
Ru
Sif Muna
Trog
Uskayaw
Vehumet
Wu Jian
Xom
Yredelemnul
Zin
The Shining One

Shops:
D:6 [

Annotations:
Temple 2 transporters


Innate Abilities, Weirdness & Mutations

You are amphibious.
You cover ground slowly.
You can hop short distances.
You have an extended range of vision and can be seen from far away.


Message History

The orc warrior misses you. You block the orc warrior's attack.
The orc closely misses your ice beast.
Casting: Summon Ice Beast (dangerous; 7% risk of failure)
Confirm with . or Enter, or press ? or * to list all spells.
Casting: Frozen Ramparts (mildly dangerous; 3% risk of failure)
Press: ? - help, Dir - look around, f - activate The walls around you are covered in ice.
The wall freezes the orc warrior.
You block the orc warrior's attack.
The wall freezes the orc warrior.
You block the orc warrior's attack.
The wall freezes the orc warrior!
The orc warrior completely misses you.
The wall freezes the orc warrior!
The orc warrior unwields a +0 short sword.
The orc warrior wields a +2 orcbow of freezing.
It is covered in frost.
The orc warrior shoots an arrow.
The arrow hits your ice beast!
Your ice beast closely misses the orc warrior.
You now have 4/14 mp.
Unknown command.
Unknown command.
You hit the orc warrior but do no damage.
The orc warrior is lightly wounded.
The wall freezes the orc warrior.
The orc warrior misses you.
The wall freezes the orc warrior!
The orc warrior hits you with a +0 dire flail!!
The wall freezes the orc warrior.
The orc warrior hits you with a +0 hand axe!
* * * LOW HITPOINT WARNING * * *
Something barely misses your ice beast. The orc closely misses your ice beast.
Your ice beast barely misses the orc warrior.
The wall freezes the orc warrior but does no damage.
The orc warrior shoots an arrow.
The arrow hits your ice beast!
Your ice beast dies!
Your ice beast disappears in a puff of smoke!
The wall freezes the orc warrior but does no damage.
The orc warrior hits you with a +0 short sword!
* * * LOW HITPOINT WARNING * * *
The wall freezes the orc warrior but does no damage.
The orc warrior hits you with a +0 dire flail!
You die...
Cheibriados appreciates the motionlessness of death.

..........#...
............o...
#..............
##........>...##
##...........o..#
..........oooo)#
.. #
.......#..ยง#o##
.....
#.........o##
.....
##..#..#..o@#
#.... .
#...#...##o##
#.#.. ..#
#...#.##...#
.....
....##....####.##
#.. ..........##
### ## ##.
...........#
##.###..
......#..##
##....##)
...........## ##
#......#.
............#
#### ...#..#..)#


You could see 4 orc warriors and an orc (strong).

Vanquished Creatures
  An orc sorcerer (Orc:1)
  A troll (Orc:1)
  A hornet (D:9)
  A slime creature (D:10)
  A wraith (D:8)
  A wyvern (D:9)
  2 steam dragons
  4 wargs (Orc:1)
  Menkaure (D:4)
  A water moccasin (D:9)
  An acid dragon (D:9)
  An ice beast (D:6)
  9 orc warriors
  2 centaurs
  3 ogres
  4 phantoms
  2 kobold brigands (D:6)
  3 gnoll sergeants
  3 scorpions
  5 wights (D:8)
  5 killer bees (D:8)
  5 howler monkeys
  4 jellies
  2 bombardier beetles
  5 hounds
  5 orc priests
  4 iguanas
  A sleepcap (D:5)
  Terence (D:3)
  8 orc wizards
  Robin (D:3)
  16 gnolls
  9 adders
  2 river rats (D:5)
  A shadow imp (D:6)
  7 white imps
  3 ufetubi (D:5)
  3 ribbon worms
  42 orcs
  6 ball pythons
  8 bats
  3 endoplasms
  8 giant cockroaches
  19 goblins
  11 hobgoblins
  6 jackals
  3 quokkas
  A frilled lizard (D:3)
  22 kobolds
  6 rats
264 creatures vanquished.

Vanquished Creatures (collateral kills)
  A two-headed ogre (D:9)
  An orc knight (Bailey)
  An ogre (Orc:1)
  A kobold brigand (D:6)
  A scorpion (D:6)
  A jelly (D:6)
  An orc priest (D:6)
7 creatures vanquished.

Grand Total: 271 creatures vanquished

Notes
Turn   | Place    | Note
-------+----------+-------------------------------------------
     0 | D:1      | jasper the Barachi Ice Elementalist began the quest for the
                  | Orb.
     0 | D:1      | Reached XP level 1. HP: 13/13 MP: 3/3
   156 | D:1      | Reached skill level 5 in Ice Magic
   240 | D:1      | Reached XP level 2. HP: 20/20 MP: 5/5
   333 | D:1      | Reached skill level 1 in Fighting
   962 | D:2      | Reached XP level 3. HP: 26/26 MP: 2/6
   966 | D:2      | Learned a level 3 spell: Frozen Ramparts
  1413 | D:2      | Reached XP level 4. HP: 13/34 MP: 2/7
  1510 | D:2      | Learned a level 3 spell: Summon Ice Beast
  1625 | D:2      | Found a faded altar of an unknown god.
  2338 | D:3      | Noticed Robin
  2361 | D:3      | Killed Robin
  2362 | D:3      | Reached skill level 1 in Summonings
  2362 | D:3      | Reached XP level 5. HP: 35/40 MP: 4/8
  2875 | D:3      | Noticed Terence
  2888 | D:3      | Killed Terence
  3193 | D:4      | Reached XP level 6. HP: 44/48 MP: 5/9
  3310 | D:4      | Found a radiant altar of Vehumet.
  3386 | D:4      | You fall into a shaft and drop 3 floors!
  3632 | D:6      | Noticed an ice beast
  3666 | D:6      | Reached skill level 5 in Fighting
  3666 | D:6      | Reached XP level 7. HP: 16/56 MP: 3/10
  3670 | D:6      | HP: 1/56 [acid (11)]
  3894 | D:6      | Reached skill level 1 in Armour
  4018 | D:6      | Noticed a steam dragon
  4022 | D:6      | Killed a steam dragon
  4057 | D:6      | Reached XP level 8. HP: 21/64 MP: 0/11
  4189 | D:6      | Found an ornate altar of the Wu Jian Council.
  4822 | D:6      | Found Culuniu's Antique Armour Boutique.
  4859 | D:5      | Entered Level 5 of the Dungeon
  4973 | D:5      | Found a staircase to the Ecumenical Temple.
  5085 | D:5      | Reached skill level 5 in Dodging
  5097 | Temple   | Found a transporter.
  5097 | Temple   | Found a transporter.
  5097 | Temple   | Found a transporter.
  5097 | Temple   | Found a transporter.
  5097 | Temple   | Entered the Ecumenical Temple
  5113 | Temple   | Became a worshipper of Cheibriados the Contemplative
  5287 | D:5      | Reached skill level 5 in Armour
  5636 | D:5      | Reached XP level 9. HP: 54/74 MP: 6/12
  5729 | D:5      | Reached * piety under Cheibriados
  6101 | D:4      | Noticed Menkaure
  6111 | D:4      | Killed Menkaure
  7022 | D:6      | Bought a cloak for 126 gold pieces
  7132 | D:6      | Reached ** piety under Cheibriados
  7221 | D:6      | Found a shimmering altar of Xom.
  8523 | D:8      | Found a flagged portal.
  8534 | D:8      | Reached *** piety under Cheibriados
  8538 | Bailey   | Entered a bailey
  8669 | Bailey   | Noticed an orc knight
  8683 | Bailey   | Killed an orc knight
  8684 | Bailey   | Reached skill level 1 in Shields
  8684 | Bailey   | Reached XP level 10. HP: 49/83 MP: 4/13
  9273 | D:8      | Reached **** piety under Cheibriados
  9290 | D:8      | Reached skill level 10 in Fighting
  9572 | D:9      | Found a staircase to the Orcish Mines.
  9581 | D:9      | Noticed a two-headed ogre
  9593 | D:9      | Killed a two-headed ogre
 10337 | D:9      | Reached skill level 5 in Shields
 10599 | D:10     | Entered Level 10 of the Dungeon
 10659 | Orc:1    | Entered Level 1 of the Orcish Mines
 10676 | Orc:1    | Reached skill level 10 in Armour
 10676 | Orc:1    | Reached XP level 11. HP: 16/90 MP: 8/14
 10924 | Orc:1    | Reached skill level 10 in Dodging
 10977 | Orc:1    | Noticed an orc sorcerer
 10987 | Orc:1    | Reached skill level 1 in Long Blades
 10991 | Orc:1    | Killed an orc sorcerer
 11129 | Orc:1    | Noticed an orc warlord
 11139 | Orc:1    | Reached skill level 5 in Long Blades
 11143 | Orc:1    | Reached ***** piety under Cheibriados
 11145 | Orc:1    | Slain by an orc warrior

Illustrated notes

Levels and vault maps discovered:
D:1:      dpeg_arrival_rhombi, layout_loops_ring
D:2:      layout_basic, hellmonk_ecumenical_altar_defaced_shrine
D:3:      layout_basic, small_statue_intersection, kennysheep_flooded_box,
          hangedman_glass_teeth, kennysheep_generic_room_10, uniq_terence,
          uniq_robin
D:4:      layout_rooms, fiery_altar_vehumet, serial_bayou, serial_bayou_pond_d,
          serial_bayou_pond_b, serial_bayou_pond_a, serial_bayou_lagoon_b,
          serial_bayou_lagoon_a, minmay_misc_feat_pillars,
          kennysheep_generic_room_2, uniq_menkaure
D:5:      layout_loops_ring, minmay_temple_entry_junction,
          gup_sewer_entry_spiral, minmay_parallelograms, wad_rectangle_vault
D:6:      hangedman_cross_stitches, layout_basic,
          mainiacjoe_overflow_concentric_impassable,
          regret_index_xom_buried_treasure, serial_glass, glass_columns_a,
          glass_columns_a, glass_columns_a, glass_columns_c, glass_columns_c,
          glass_columns_c, glass_columns_c, glass_columns_b, serial_shops,
          nicolae_shop_crystal, nrook_uturn
D:7:      layout_basic
D:8:      layout_rooms, enter_bailey_5, nicolae_figureground_pulse
D:9:      layout_gridville, orc_0_dummy, bh_walls_and_bars
D:10:     layout_roguey, erik_lair_island
Temple:   hellmonk_temple_divided_pantheon
Orc:1:    layout_caves, serial_shops, nicolae_shop_hallway_plus

Skill      XL: |  1  2  3  4  5  6  7  8  9 10 11 |
---------------+----------------------------------+-----
Ice Magic      | 5 6 7 |  7.0
Fighting       | 1 2 3 5 6 7 9 10 | 10.0
Summonings     | 1 2 4 |  4.0
Armour         | 3 5 7 10 | 10.0
Dodging        | 3 5 7 9 10 | 10.0
Shields        | 1 5 |  5.0
Long Blades    | 5 |  5.1
Stealth        | |  1.7
Spellcasting   | |  2.1

Action                     |  1- 3 |  4- 6 |  7- 9 | 10-12 || total
---------------------------+-------+-------+-------+-------++-------
  Melee: Dagger            |    11 |    78 |    85 |       ||   174
         Punch             |       |     2 |    17 |       ||    19
         Great sword       |       |       |    47 |       ||    47
         Scimitar          |       |       |   217 |   117 ||   334
   Cast: Freeze            |    42 |    14 |    15 |     7 ||    78
         Frozen Ramparts   |       |    27 |    37 |    25 ||    89
         Summon Ice Beast  |       |     1 |     5 |     4 ||    10
Ability: Hop               |     1 |       |     2 |     4 ||     7
  Evoke: Wand              |       |       |    10 |     1 ||    11
    Use: Scroll            |       |     9 |     7 |     7 ||    23
         Potion            |       |       |     5 |     1 ||     6
   Stab: Sleeping          |     4 |     1 |     3 |       ||     8
         Paralysed         |       |       |    12 |       ||    12
         Invisible         |       |       |     1 |       ||     1
 Armour: Robe              |    12 |       |       |       ||    12
         Leather armour    |    16 |    64 |   130 |       ||   210
         Scale mail        |       |       |   164 |    94 ||   258
  Dodge: Dodged            |    26 |    50 |   324 |   167 ||   567
  Block: Buckler           |       |       |    34 |    69 ||   103

Table legend: (Time is in decaauts)
 A = Elapsed time spent in this place.
 B = Non-inter-level travel time spent in this place.
 C = Inter-level travel time spent in this place.
 D = Time resting spent in this place.
 E = Time spent auto-exploring this place.
 F = Levels seen in this place.
 G = Mean time per level.
                   A        B        C        D        E       F      G
               +--------+--------+--------+--------+--------+-----+--------+
         Total |  14753 |  13973 |    780 |    794 |  10410 |  13 | 1134.8 |
       Dungeon |  13470 |  12701 |    769 |    767 |   9608 |  10 | 1347.0 |
        Temple |     42 |     32 |     10 |      0 |      0 |   1 |   42.0 |
  Orcish Mines |    590 |    590 |      0 |      5 |    464 |   1 |  590.0 |
        Bailey |    651 |    651 |      0 |     22 |    338 |   1 |  651.0 |
               +--------+--------+--------+--------+--------+-----+--------+

Top non-repeatable levels by time:
     D:6: 2555 daAuts
     D:5: 1898 daAuts
     D:9: 1770 daAuts
     D:7: 1415 daAuts
     D:3: 1393 daAuts
     D:8: 1158 daAuts
     D:1: 1088 daAuts
     D:4: 1067 daAuts
     D:2: 1067 daAuts
  Bailey: 651 daAuts
   Orc:1: 590 daAuts
    D:10: 53 daAuts
  Temple: 42 daAuts
